 Dungeon Crawl Stone Soup version 0.28-a0-957-g42eb19b844 (webtiles) character file.

Game seed: 6588594333033775731

518 kae the Distorting Demonspawn (level 7, -10/55 HPs)
             Began as a Demonspawn Abyssal Knight on Nov 30, 2021.
             Was a Believer of Lugonu.
             Mangled by an ogre (31 damage)
             ... on level 4 of the Dungeon.
             The game lasted 00:02:56 (4642 turns).

kae the Distorting Demonspawn (DsAK)                Turns: 4642, Time: 00:02:57

Health: -10/55     AC:  6    Str: 15    XL:     7   Next: 1%
Magic:  11/11      EV: 11    Int: 14    God:    Lugonu [**....]
Gold:   80         SH:  0    Dex: 14    Spells: 6/6 levels left

rFire   . . .      SeeInvis .   a - +2 mace (freeze)
rCold   . . .      Faith    .   (no shield)
rNeg    . . .      Spirit   .   k - +3 leather armour of the Three Lovers {Harm rPois Will+ Int+3}
rPois   +          Reflect  .   (no helmet)
rElec   .          Harm     +   (no cloak)
rCorr   .          Rampage  .   (no gloves)
Will    +....                   (no boots)
Stlth   +.........              (no amulet)
HPRegen 0.18/turn               (no ring)
MPRegen 0.12/turn               (no ring)

@: no status effects
A: claws 1, demonic guardian 1
a: Renounce Religion, Depart the Abyss, Bend Space


You were on level 4 of the Dungeon.
You worshipped Lugonu.
Lugonu was pleased with you.
You visited 1 branch of the dungeon, and saw 4 of its levels.
You visited the Abyss 1 time.

You collected 155 gold pieces.
You spent 75 gold pieces at shops.

Inventory:

Hand Weapons
 a - a +2 mace of freezing (weapon)
Armour
 b - a +0 leather armour
 c - a +2 leather armour of fire resistance
 k - the +3 leather armour of the Three Lovers (worn) {Harm rPois Will+ Int+3}
   (You found it on level 4 of the Dungeon)

   Int:       It affects your intelligence (+3).
   rPois:     It protects you from poison.
   Harm:      It increases damage dealt and taken.
   Will:      It increases your willpower.
Jewellery
 e - an amulet of guardian spirit
 m - a ring of ice
Scrolls
 g - a scroll of enchant weapon
 o - 3 scrolls of teleportation
Potions
 d - 2 potions of ambrosia
 f - a potion of heal wounds
 h - a potion of attraction
 i - 2 potions of cancellation {unknown}
 j - a potion of berserk rage {unknown}
 l - a potion of curing {unknown}
 s - a potion of brilliance {unknown}


   Skills:
 + Level 4.7 Fighting
 - Level 3.0 Maces & Flails
 - Level 1.7 Armour
 - Level 0.8 Dodging
 * Level 3.8 Unarmed Combat
 + Level 5.3 Invocations


You had 6 spell levels left.
You didn't know any spells.
Your spell library was empty.

Dungeon Overview and Level Annotations

Branches:
Dungeon (4/15)
 Temple: D:4-7

Altars:
Dithmenos

Shops:
D:1 *   D:4 *


Innate Abilities, Weirdness & Mutations

You have sharp fingernails.
A weak demonic guardian rushes to your aid.


Message History

You feel forgetful for a moment.
As you read the scroll labelled POTZARHUMED, it crumbles to dust.
You feel aware of your surroundings.
It was a scroll of magic mapping.
As you read the scroll labelled QUONUS OCKU, it crumbles to dust.
It is a scroll of brand weapon.
Your +2 mace is covered with a thin layer of ice!
a - a +2 mace of freezing (weapon)
As you read the scroll of identify, it crumbles to dust.
d - 2 potions of ambrosia
As you read the scroll of identify, it crumbles to dust.
h - a potion of attraction
Okay, then.
A yak comes into view.
The yak bellows!
A yak is nearby!
A yak is nearby!
A yak is nearby!
A yak comes into view. x2
The yak bellows!
There is an open door here.
You close the door.
There is an open door here.
You open the door.
There is an open door here.
As you open the door, it creaks loudly!
An ogre comes into view. It is wielding a +0 giant club.
Found 11 gold pieces.
There is an open door here.
The ogre hits you with a +0 giant club!
You hit the ogre. You freeze the ogre.
The ogre is lightly wounded.
The ogre hits you with a +0 giant club!
You are too injured to fight recklessly!
You are too injured to fight recklessly!
You are too injured to fight recklessly!
You hit the ogre. You freeze the ogre.
The ogre is moderately wounded.
The ogre hits you with a +0 giant club!!
Ouch! That really hurt!
You die...

*,,,,* *,,,,* *,,..*
*,,,,* *,,,.* *,,,,*
****,,,.###### **,,,,*
*,,***+#...$.# *,,,,**
*,,*,,,#.....# *,,,,*
*,,*,,,#.....# *,,,,*
*,,****#.O...# *,,,.####
*,,***###@###########.....
*,,,,,#...#.........#.....
*,,,,,#...'.........#.(...
#.....#...#.........#.....
#.....+...##...##...#.....
#....#######.(.##(..#.....
#....##...##...##..##.....
#....##........##..#......
#.....+...####+##..#......


You could see an ogre.

Vanquished Creatures
  An ogre (D:4)
  A phantom (D:4)
  A hound (D:4)
  Natasha (D:3)
  5 gnolls
  6 adders
  3 worms (D:2)
  2 dart slugs
  4 orcs
  4 ball pythons
  4 endoplasms
  4 giant cockroaches
  8 goblins
  7 hobgoblins
  5 kobolds
  2 quokkas
  6 bats
  3 frilled lizards
  5 rats
72 creatures vanquished.

Vanquished Creatures (collateral kills)
  A scorpion (D:4)
  Natasha (twice) (D:3)
  An adder (D:3)
  A worm (D:2)
  An orc (D:3)
  A hobgoblin (D:3)
7 creatures vanquished.

Grand Total: 79 creatures vanquished

Notes
Turn   | Place    | Note
-------+----------+-------------------------------------------
     0 | Abyss:1  | kae the Demonspawn Abyssal Knight began the quest for the
                  | Orb.
     0 | Abyss:1  | Reached XP level 1. HP: 18/18 MP: 2/2
    71 | D:1      | Escaped the Abyss
   217 | D:1      | Gained mutation: A weak demonic guardian rushes to your
                  | aid. [demonic ancestry]
   217 | D:1      | Reached XP level 2. HP: 16/24 MP: 4/4
   317 | D:1      | Found Far Rif's General Store.
   690 | D:1      | Reached skill level 3 in Invocations
   690 | D:1      | Reached XP level 3. HP: 27/29 MP: 5/5
  1029 | D:2      | Reached ** piety under Lugonu
  1683 | D:2      | Gained mutation: You have sharp fingernails. [demonic
                  | ancestry]
  1683 | D:2      | Reached XP level 4. HP: 35/35 MP: 6/6
  2194 | D:3      | Noticed Natasha
  2202 | D:3      | Killed Natasha
  2203 | D:3      | Reached skill level 1 in Unarmed Combat
  2350 | D:3      | Reached skill level 4 in Invocations
  2588 | D:3      | Found a shadowy altar of Dithmenos.
  2621 | D:3      | Reached XP level 5. HP: 41/42 MP: 8/8
  2724 | D:3      | Noticed Natasha
  2734 | D:3      | Killed Natasha
  3071 | D:3      | Noticed Natasha
  3082 | D:3      | Killed Natasha
  3722 | D:4      | Identified the +3 leather armour of the Three Lovers {Harm
                  | rPois Will+ Int+3}
  3796 | D:4      | Reached XP level 6. HP: 29/48 MP: 9/9
  4147 | D:4      | Reached skill level 5 in Invocations
  4482 | D:4      | Reached XP level 7. HP: 55/55 MP: 9/11
  4585 | D:4      | Found Qoga's Assorted Antiques.
  4596 | D:4      | Bought a scroll labelled QUONUS OCKU for 27 gold pieces
  4596 | D:4      | Bought a fuming purple potion for 24 gold pieces
  4596 | D:4      | Bought a murky pink potion for 24 gold pieces
  4610 | D:4      | Noticed a yak
  4611 | D:4      | Noticed a yak
  4611 | D:4      | Noticed a yak
  4642 | D:4      | Mangled by an ogre

Illustrated notes

Levels and vault maps discovered:
D:1:      lemuel_arrival_lava_pool, layout_loops_ring, serial_shops,
          nicolae_shop_advertising_works [nicolae_subvault_shop_adworks],
          wander_ebering_terrifying_dragon_lair
D:2:      layout_loops_cross
D:3:      layout_rooms, marbit_many_paths, kennysheep_generic_room_15,
          uniq_natasha
D:4:      layout_gridville, serial_shops, nicolae_shop_overgrown_old_shop

Skill      XL: |  1  2  3  4  5  6 |
---------------+-------------------+-----
Maces & Flails | 2 3 |  3.0
Invocations    | 3 4 5 |  5.3
Unarmed Combat | 1 2 3 |  3.8
Fighting       | 4 |  4.7
Armour         | |  1.7
Dodging        | |  0.8

Action                   |  1- 3 |  4- 6 |  7- 9 || total
-------------------------+-------+-------+-------++-------
Melee: Mace              |   102 |   163 |     7 ||   272
       Punch             |       |     2 |       ||     2
  Use: Scroll            |     3 |     3 |     5 ||    11
       Potion            |       |     1 |       ||     1
 Stab: Sleeping          |     1 |       |       ||     1
Armor: Leather armour    |    32 |    63 |       ||    95
Dodge: Dodged            |    69 |   112 |     5 ||   186

Table legend: (Time is in decaauts)
 A = Elapsed time spent in this place.
 B = Non-inter-level travel time spent in this place.
 C = Inter-level travel time spent in this place.
 D = Time resting spent in this place.
 E = Time spent auto-exploring this place.
 F = Levels seen in this place.
 G = Mean time per level.
                   A        B        C        D        E       F      G
               +--------+--------+--------+--------+--------+-----+--------+
         Total |   4717 |   4626 |     91 |   1058 |   2788 |   5 |  943.4 |
       Dungeon |   4646 |   4555 |     91 |   1058 |   2750 |   4 | 1161.5 |
         Abyss |     71 |     71 |      0 |      0 |     38 |   1 |   71.0 |
               +--------+--------+--------+--------+--------+-----+--------+

Top non-repeatable levels by time:
     D:3: 1413 daAuts
     D:2: 1346 daAuts
     D:4: 1094 daAuts
     D:1: 791 daAuts
 Abyss:1: 71 daAuts
